 Dungeon Crawl Stone Soup version 0.28-b1-25-g9875b3fc8c (webtiles) character file.

Game seed: 3505595622594926770

137 Cykl0x the Conjurer (level 5, -1/30 HPs)
             Began as a Gargoyle Conjurer on Feb 1, 2022.
             Slain by a black bear (3 damage)
             ... on level 3 of the Dungeon.
             The game lasted 00:04:02 (2800 turns).

Cykl0x the Conjurer (Gargoyle Conjurer)             Turns: 2800, Time: 00:04:03

Health: -1/30      AC: 13    Str: 13    XL:     5   Next: 20%
Magic:  1/8        EV:  9    Int: 18    God:
Gold:   75         SH:  0    Dex:  8    Spells: 6/9 levels left

rFire   . . .      SeeInvis .   i - +0 short sword (vamp)
rCold   . . .      Faith    .   (no shield)
rNeg    + . .      Spirit   .   d - +0 scale mail
rPois   ∞          Reflect  .   j - +2 helmet
rElec   +          Harm     .   (no cloak)
rCorr   .          Rampage  .   (no gloves)
Will    .....                   (no boots)
Stlth   ..........              (no amulet)
HPRegen 0.10/turn               (no ring)
MPRegen 0.11/turn               (no ring)

@: about to teleport
A: sickness immunity, AC +4, negative energy resistance 1, electricity
resistance, torment resistance 1, petrification resistance
a: no special abilities


You were on level 3 of the Dungeon.
You visited 1 branch of the dungeon, and saw 3 of its levels.

You collected 75 gold pieces.

Inventory:

Hand Weapons
 b - a +0 dagger
 i - a +0 vampiric short sword (weapon)
Armour
 a - a +0 robe
 d - a +0 scale mail (worn)
 j - a +2 helmet (worn)
Scrolls
 c - a scroll of identify
 e - a scroll of amnesia
Potions
 g - a potion of heal wounds {unknown}
 h - a potion of magic {unknown}


   Skills:
 * Level 1.9 Fighting
 + Level 0.3 Short Blades
 * Level 0.1(0.3) Long Blades
 * Level 1.8 Armour
 + Level 1.9 Dodging
 - Level 2.1 Stealth
 + Level 2.6 Spellcasting
 + Level 5.4 Conjurations


You had 6 spell levels left.
You knew the following spells:

 Your Spells              Type           Power      Damage    Failure   Level
a - Magic Dart            Conj           88%        1d7       9%          1
b - Searing Ray           Conj           44%        2d6       13%         2

Your spell library contained the following spells:

 Spells                   Type           Power      Damage    Failure   Level
 Dazzling Flash           Conj/Hex       24%        N/A       61%         3
 Fulminant Prism          Conj/Hex       6%         3d7       95%         4
 Iskenderun's Mystic Bla  Conj/Tloc      12%        2d5       95%         4


Dungeon Overview and Level Annotations

Branches:
Dungeon (3/15)

Altars:


Innate Abilities, Weirdness & Mutations

You are immune to sickness and miasma.
Your stone body is resilient. (AC +4)
You are immune to poison.
You resist negative energy. (rN+)
You are resistant to electric shocks. (rElec)
You are resistant to unholy torment.
You are immune to petrification.


Message History

The searing ray hits the black bear!
The black bear is almost dead.
The black bear bites you but does no damage.
The black bear claws you but does no damage. x2
The black bear bites you. The black bear claws you.
The black bear barely misses you.
You completely miss the black bear.
The black bear is almost dead.
The black bear closely misses you.
The black bear claws you but does no damage. x2
You closely miss the black bear.
The black bear is almost dead.
The black bear bites you.
The black bear claws you but does no damage.
The black bear claws you. The black bear bites you.
* * * LOW HITPOINT WARNING * * *
The black bear claws you.
* * * LOW HITPOINT WARNING * * *
The black bear claws you but does no damage.
Found a stone staircase leading down.
The black bear bites you but does no damage.
The black bear claws you.
* * * LOW HITPOINT WARNING * * *
The black bear closely misses you.
You feel better. The black bear barely misses you. The black bear claws you.
* * * LOW HITPOINT WARNING * * *
The black bear claws you but does no damage.
As you read the scroll labelled SEGGEQ QEACLAA, it crumbles to dust.
You feel strangely unstable.
It was a scroll of teleportation.
The black bear bites you but does no damage.
The black bear claws you but does no damage. x2
The black bear bites you.
* * * LOW HITPOINT WARNING * * *
The black bear claws you but does no damage.
The black bear claws you.
* * * LOW HITPOINT WARNING * * *
The black bear rages.
The black bear bites you but does no damage.
The black bear barely misses you. The black bear claws you.
You die...

#################
................##
.##############..#
.# #######@####
.#### .......h...#
....##
...........#
.....#
...........#
.....#
...........#
.....#
########'###
.....# #.# ..####
#.# ..#########
#..


You could see a black bear (berserk).

Vanquished Creatures
  3 gnolls (D:2)
  7 adders
  A worm (D:2)
  A dart slug (D:2)
  5 endoplasms
  3 giant cockroaches
  4 goblins (D:1)
  2 hobgoblins
  3 jackals (D:2)
  3 kobolds
  A quokka (D:3)
  2 ball pythons
  3 bats
  3 frilled lizards
  4 rats
45 creatures vanquished.

Notes
Turn   | Place    | Note
-------+----------+-------------------------------------------
     0 | D:1      | Cykl0x the Gargoyle Conjurer began the quest for the Orb.
     0 | D:1      | Reached XP level 1. HP: 10/10 MP: 3/3
   146 | D:1      | Reached XP level 2. HP: 16/16 MP: 1/5
   150 | D:1      | Learned a level 2 spell: Searing Ray
   364 | D:1      | Found a faded altar of an unknown god.
   733 | D:1      | Reached skill level 1 in Fighting
  1220 | D:2      | Reached XP level 3. HP: 20/20 MP: 3/6
  1384 | D:2      | Reached skill level 1 in Armour
  1448 | D:2      | Reached skill level 5 in Conjurations
  2152 | D:2      | Reached XP level 4. HP: 25/25 MP: 3/7
  2477 | D:3      | Reached XP level 5. HP: 30/30 MP: 3/8
  2786 | D:3      | Noticed a black bear
  2800 | D:3      | Slain by a black bear

Illustrated notes

Levels and vault maps discovered:
D:1:      co_arrival_square_in_a_square_in_a_square, layout_basic,
          basic_ecumenical_altar
D:2:      layout_basic, nicolae_figureground_pulse
D:3:      minmay_door_path, layout_basic, mrwooster_statue_mirror

Skill      XL: |  1  2  3 |
---------------+----------+-----
Fighting       | 1 |  1.9
Armour         | 1 |  1.8
Conjurations   | 5 |  5.4
Short Blades   | |  0.3
Long Blades    | |  0.1
Dodging        | |  1.9
Stealth        | |  2.1
Spellcasting   | |  2.6

Action                   |  1- 3 |  4- 6 || total
-------------------------+-------+-------++-------
Melee: Dagger            |    35 |       ||    35
       Punch             |     1 |       ||     1
       Short sword       |     4 |    47 ||    51
 Cast: Magic Dart        |    40 |     7 ||    47
       Searing Ray       |     8 |     4 ||    12
  Use: Scroll            |     4 |     3 ||     7
       Potion            |       |     1 ||     1
Armor: Robe              |     9 |       ||     9
       Scale mail        |     4 |    47 ||    51
Dodge: Dodged            |    33 |    41 ||    74
